 Dungeon Crawl Stone Soup version 0.28.0-53-g5a82cb258f (webtiles) character file.

Game seed: 248137831134654563

10133 bnorton916 the Destroyer (level 11, -3/54 HPs)
             Began as a Deep Elf Fire Elementalist on May 30, 2022.
             Was an Initiate of Gozag.
             Slain by a komodo dragon (18 damage)
             ... on level 1 of the Lair of Beasts.
             The game lasted 00:28:15 (17375 turns).

bnorton916 the Destroyer (DEFE)                    Turns: 17375, Time: 00:28:15

Health: -3/54      AC: 10    Str:  7    XL:     11   Next: 32%
Magic:  14/27      EV: 14    Int: 26    God:    Gozag
Gold:   829        SH:  0    Dex: 15    Spells: 13/31 levels left

rFire   . . .      SeeInvis .   S - +5 scimitar (freeze)
rCold   + . .      Faith    .   (no shield)
rNeg    . . .      Spirit   .   D - +2 robe
rPois   +          Reflect  .   c - +2 helmet {Int+3}
rElec   .          Harm     .   H - +0 cloak
rCorr   .          Rampage  .   o - +0 pair of gloves
Will    +....                   (no boots)
Stlth   ++........              m - amulet of regeneration
HPRegen 0.98/turn               u - ring of protection from cold
MPRegen 0.20/turn               J - ring of poison resistance

@: gold aura
A: no striking features
a: Renounce Religion, Potion Petition, Call Merchant, Bribe Branch


You were on level 1 of the Lair of Beasts.
You worshipped Gozag.
Gozag was pleased with you.
You visited 3 branches of the dungeon, and saw 12 of its levels.
You also visited: Sewer and Bailey.

You collected 1579 gold pieces.
You spent 587 gold pieces at shops.
You paid 163 gold pieces to Gozag.

Inventory:

Hand Weapons
 S - a +5 scimitar of freezing (weapon)
Missiles
 d - 22 stones
 l - 4 poisoned darts
 K - 6 curare-tipped darts (quivered)
Armour
 c - a +2 helmet of intelligence (worn)
 k - the +4 scale mail of Eternal Vigilance {rC+ Str+3 Int-2}
   (You found it on level 2 of the Dungeon)

   Str:       It affects your strength (+3).
   Int:       It affects your intelligence (-2).
   rC:        It protects you from cold.
 o - a +0 pair of gloves (worn)
 D - a +2 robe (worn)
 H - a +0 cloak (worn)
Jewellery
 j - an amulet of magic regeneration
 m - an amulet of regeneration (around neck)
 r - a +6 ring of dexterity
 u - a ring of protection from cold (left hand)
 J - a ring of poison resistance (right hand)
Wands
 s - a wand of paralysis (4)
 y - a wand of polymorph (11)
 M - a wand of iceblast (7)
 O - a wand of flame (21)
 U - a wand of acid (8)
 Y - a wand of mindburst (18)
Scrolls
 a - 4 scrolls of summoning
 b - 2 scrolls of vulnerability
 f - a scroll of amnesia
 h - 6 scrolls of teleportation
 n - 2 scrolls of fear
 p - a scroll of fog
 v - 3 scrolls of torment
 E - a scroll of brand weapon
 F - a scroll of blinking
 L - 3 scrolls of enchant armour
 X - 3 scrolls of enchant weapon
Potions
 e - 2 potions of ambrosia
 g - 6 potions of curing
 i - 2 potions of haste
 q - 2 potions of lignification
 w - 2 potions of might
 x - a potion of flight
 A - 3 potions of berserk rage
 B - a potion of experience {unknown}
 C - a potion of degeneration {unknown}
 G - a potion of cancellation {unknown}
 I - 3 potions of invisibility
 N - a potion of magic {unknown}
 P - 3 potions of heal wounds
 V - 2 potions of resistance


   Skills:
 + Level 6.2 Armour
 + Level 4.9 Dodging
 - Level 2.4 Stealth
 - Level 10.6 Spellcasting
 + Level 11.1 Conjurations
 - Level 9.1 Fire Magic
 - Level 5.8 Poison Magic


You had 13 spell levels left.
You knew the following spells:

 Your Spells              Type           Power      Damage    Failure   Level
a - Foxfire               Conj/Fire      100%       2x1d9     1%          1
b - Scorch                Fire           100%       2d10      1%          2
c - Conjure Flame         Conj/Fire      61%        6-21      1%          3
d - Sticky Flame          Conj/Fire      61%        2d8       1%          4
e - Flame Wave            Conj/Fire      61%        2d12      1%          4
f - Olgreb's Toxic Radia  Pois           44%        N/A       4%          4

Your spell library contained the following spells:

 Spells                   Type           Power      Damage    Failure   Level
 Poisonous Vapours        Pois/Air       56%        N/A       1%          2
 Static Discharge         Conj/Air       42%        N/A       1%          2
 Inner Flame              Hex/Fire       37%        N/A       1%          3
 Animate Skeleton         Necr           26%        N/A       4%          1
 Pain                     Necr           52%        1d6       4%          1
 Corpse Rot               Necr/Air       26%        N/A       7%          2
 Confusing Touch          Hex            13%        N/A       13%         3
 Vampiric Draining        Necr           13%        2d6       13%         3
 Alistair's Intoxication  Tmut/Pois      18%        N/A       36%         5
 Dispel Undead            Necr           13%        3d9       41%         4
 Yara's Violent Unravell  Hex/Tmut       6%         3d5       77%         5
 Enfeeble                 Hex            6%         N/A       100%        7


Dungeon Overview and Level Annotations

Branches:
Dungeon (10/15)            Temple (1/1) D:5            Lair (1/6) D:10
    Orc (0/2) D:10          Sewer (visited)          Bailey (visited)

Altars:
Ashenzari
Cheibriados
Dithmenos
Elyvilon
Fedhas
Gozag
Hepliaklqana
Kikubaaqudgha
Makhleb
Nemelex Xobeh
Okawaru
Qazlal
Ru
Sif Muna
Trog
Uskayaw
Vehumet
Wu Jian
Xom
Yredelemnul
Zin
The Shining One

Shops:
D:7 =   D:8 *   D:10 ?*(


Message History

The wolf is no longer more vulnerable to fire.
The wolf bites you but does no damage.
Casting: Scorch (safe; 1% risk of failure)
Confirm with . or Enter, or press ? or * to list all spells.
You conjure some foxfire!
The wolf bites you. The wolf bites you but does no damage.
The wolf closely misses you.
The foxfire hits the wolf.
The wolf is moderately wounded.
The foxfire hits the wolf!
The wolf is heavily wounded.
The wolf bites you! The wolf bites you. The wolf closely misses you.
Unknown command.
Casting: Foxfire (safe; 1% risk of failure)
Confirm with . or Enter, or press ? or * to list all spells.
Casting: Flame Wave (dangerous; 1% risk of failure)
Press: ? - help, Dir - look around, f - activate A wave of flame ripples out!
The flame wave engulfs the wolf!
You kill the wolf!
The flame wave engulfs the wolf!
You kill the wolf! (Press . to intensify the flame waves.)
You hear a howl!
A wave of flame ripples out!
The flame wave engulfs the water moccasin!
The water moccasin is heavily wounded.
The flame wave engulfs the komodo dragon!
The komodo dragon is moderately wounded.
The water moccasin is distracted by your dazzling golden aura.
The komodo dragon bites you!!
* * * LOW HITPOINT WARNING * * *
A wave of flame ripples out!
The flame wave engulfs the water moccasin!
The water moccasin is almost dead.
The water moccasin is no longer distracted by gold.
The flame wave engulfs the komodo dragon!
The komodo dragon is heavily wounded.
You finish channelling waves of flame.
The water moccasin misses you. The komodo dragon bites you!!
You die...
Your body crumbles into a pile of gold.

#######P...#.# # ##....#
..... .... ########....#
#...##.#P. .....#P#....#
#......... ............#
##.h$#..... ............#
......... ............#
......
.....######.##########..#
.....# #.....@S..$...#
.....# #......l..$..##
.....## ##..#.##.#####
......# ######### ###.###
###


You could see a komodo dragon and a water moccasin.

Vanquished Creatures
  Erolcha (D:9)
  2 two-headed ogres
  An orc knight (Bailey)
  Maurice (D:9)
  A cane toad (Lair:1)
  A kobold demonologist (D:9)
  A troll (D:9)
  7 yaks
  Sigmund (D:5)
  A wraith (D:10)
  A basilisk (Lair:1)
  3 wargs (D:10)
  2 water moccasins
  2 black bears (D:6)
  15 orc warriors
  A necrophage (D:7)
  A sky beast (D:6)
  A centaur (D:10)
  10 wolves (Lair:1)
  2 phantoms
  A kobold brigand (D:6)
  2 bullfrogs
  2 scorpions
  A water moccasin skeleton (D:6)
  11 killer bees
  6 wights (D:7)
  An electric eel (D:8)
  A bullfrog zombie (D:5)
  A centaur zombie (D:6)
  5 hounds
  3 jellies
  2 centaur skeletons (D:7)
  A bullfrog skeleton (D:5)
  3 orc priests
  3 iguanas
  An orc wizard (D:7)
  2 killer bee zombies
  A hound skeleton (D:4)
  2 howler monkey zombies
  4 gnolls (D:6)
  4 adders
  A white imp (D:7)
  An ufetubus (D:7)
  5 worms
  41 orcs
  10 bats
  5 endoplasms
  5 giant cockroaches
  6 goblins
  5 hobgoblins
  4 jackals (D:2)
  5 quokkas
  7 ball pythons
  2 frilled lizards (D:3)
  7 kobolds
  5 rats
221 creatures vanquished.

Vanquished Creatures (others)
  833 foxfires
  5 fungi (D:4)
838 creatures vanquished.

Grand Total: 1059 creatures vanquished

Notes
Turn   | Place    | Note
-------+----------+-------------------------------------------
     0 | D:1      | bnorton916 the Deep Elf Fire Elementalist began the quest
                  | for the Orb.
     0 | D:1      | Reached XP level 1. HP: 10/10 MP: 6/6
   426 | D:1      | Found a faded altar of an unknown god.
  1208 | D:2      | Identified the +4 scale mail of Eternal Vigilance {rC+
                  | Str+3 Int-2}
  1264 | D:2      | Reached XP level 2. HP: 15/15 MP: 4/8
  1564 | D:2      | Found a glowing golden altar of the Shining One.
  2176 | D:2      | Reached skill level 2 in Conjurations
  2421 | D:2      | Reached XP level 3. HP: 19/19 MP: 8/10
  3865 | D:3      | Reached XP level 4. HP: 24/24 MP: 8/12
  4348 | D:4      | HP: 1/24 [iguana (8)]
  4632 | D:4      | Reached skill level 3 in Conjurations
  4713 | D:4      | Noticed a bullfrog
  4721 | D:4      | Killed a bullfrog
  4722 | D:4      | Reached XP level 5. HP: 21/28 MP: 10/14
  4734 | D:4      | Reached skill level 5 in Spellcasting
  4844 | D:4      | Reached skill level 5 in Fire Magic
  4844 | D:4      | Reached XP level 6. HP: 17/32 MP: 10/16
  4847 | D:4      | Learned a level 2 spell: Scorch
  5193 | D:4      | Found a glowing silver altar of Zin.
  5484 | D:4      | Reached skill level 4 in Conjurations
  5964 | D:5      | Entered Level 5 of the Dungeon
  5964 | D:5      | Noticed Sigmund
  5971 | D:5      | Killed Sigmund
  6055 | D:5      | Identified a scroll of acquirement
  6055 | D:5      | Acquired a +1 helmet of intelligence
  6156 | D:5      | Found a glowing drain.
  6171 | Sewer    | Entered a sewer
  6382 | Sewer    | Noticed a water moccasin
  6419 | Sewer    | Learned a level 3 spell: Conjure Flame
  6436 | Sewer    | Killed a water moccasin
  6437 | Sewer    | Reached XP level 7. HP: 36/36 MP: 11/18
  6948 | D:5      | Reached skill level 5 in Conjurations
  7018 | D:5      | Found a staircase to the Ecumenical Temple.
  7024 | Temple   | Entered the Ecumenical Temple
  7610 | D:5      | Noticed a two-headed ogre
  7644 | D:5      | Killed a two-headed ogre
  7645 | D:5      | Reached skill level 6 in Conjurations
  7645 | D:5      | Reached XP level 8. HP: 13/41 MP: 12/22
  7957 | D:5      | Learned a level 4 spell: Sticky Flame
  7962 | D:5      | Learned a level 4 spell: Flame Wave
  8649 | D:6      | Found a shadowy altar of Dithmenos.
  8662 | D:6      | Reached skill level 7 in Conjurations
  9127 | D:6      | Found an ancient bone altar of Kikubaaqudgha.
  9151 | D:6      | Reached XP level 9. HP: 45/45 MP: 20/24
  9243 | D:6      | Reached skill level 1 in Armour
  9855 | D:7      | Found a snail-covered altar of Cheibriados.
  9928 | D:7      | Found an iron altar of Okawaru.
 10058 | D:7      | Found a broken altar of Ashenzari.
 10059 | D:7      | Found a glowing golden altar of the Shining One.
 10060 | D:7      | Found an opulent altar of Gozag.
 10060 | D:7      | Found a shimmering altar of Xom.
 10060 | D:7      | Found a bloodstained altar of Trog.
 10060 | D:7      | Found a hazy altar of Hepliaklqana.
 10063 | D:7      | Found a radiant altar of Vehumet.
 10065 | D:7      | Found a blossoming altar of Fedhas.
 10068 | D:7      | Became a worshipper of Gozag Ym Sagoz the Greedy
 10314 | D:7      | Found Vaosuubb's Jewellery Shoppe.
 10639 | D:7      | Reached skill level 8 in Conjurations
 11295 | D:8      | Reached skill level 10 in Spellcasting
 11960 | D:8      | Found Jifroem's Serpentskin Sales.
 11964 | D:8      | Bought 6 curare-tipped darts for 46 gold pieces
 11964 | D:8      | Bought the Handbook of Venom for 364 gold pieces
 11969 | D:8      | Learned a level 4 spell: Olgreb's Toxic Radiance
 12669 | D:9      | Noticed a kobold demonologist
 12673 | D:9      | Noticed a soul eater
 12681 | D:9      | Killed a kobold demonologist
 12682 | D:9      | Reached skill level 1 in Poison Magic
 12791 | D:9      | Reached XP level 10. HP: 50/50 MP: 17/26
 13228 | D:9      | Reached skill level 9 in Conjurations
 13400 | D:9      | Identified the +4 trident of Uncertain Death {vorpal, rC++
                  | rCorr Str-2 SInv}
 13541 | D:9      | Noticed Maurice
 13558 | D:9      | Killed Maurice
 14693 | D:9      | Noticed Erolcha
 14714 | D:9      | Killed Erolcha
 14919 | D:10     | Entered Level 10 of the Dungeon
 14919 | D:10     | Found a flagged portal.
 15077 | Bailey   | Entered a bailey
 15338 | Bailey   | Reached skill level 10 in Conjurations
 15395 | Bailey   | Reached skill level 5 in Poison Magic
 15644 | Bailey   | Reached skill level 5 in Armour
 15644 | Bailey   | Noticed an orc knight
 15663 | Bailey   | Killed an orc knight
 16231 | D:10     | Noticed a two-headed ogre
 16242 | D:10     | Killed a two-headed ogre
 16243 | D:10     | Reached XP level 11. HP: 54/54 MP: 11/27
 16388 | D:10     | Found a staircase to the Orcish Mines.
 16433 | D:10     | Found Taotuduj's General Store.
 16441 | D:10     | Bought a potion of curing for 51 gold pieces
 16460 | D:10     | Found Qiwebuq's Magic Scroll Boutique.
 16470 | D:10     | Bought a scroll of fog for 22 gold pieces
 16470 | D:10     | Bought a scroll of enchant armour for 82 gold pieces
 16470 | D:10     | Bought a scroll of identify for 22 gold pieces
 16577 | D:10     | Found a staircase to the Lair.
 16648 | D:10     | Found Zocues's Antique Weapon Shoppe.
 16975 | Lair:1   | Entered Level 1 of the Lair of Beasts
 17294 | Lair:1   | Reached skill level 11 in Conjurations
 17375 | Lair:1   | Slain by a komodo dragon

Illustrated notes

Levels and vault maps discovered:
D:1:      kilobyte_arrival_exit_the_forest, layout_loops_ring,
          shapermc_ecumenical_altar_ellora, hangedman_glass_teeth,
          kennysheep_flooded_box, st_stairs_13
D:2:      layout_basic, basic_altar, nrook_loot_triangle, minmay_quadrilaterals
D:3:      layout_loops_ring, kennysheep_doodads, nicolae_wormholes
D:4:      layout_loops_ring, zin_scriptorium, serial_aquarium,
          aquarium_bridge_straight [aquarium_subvault_bridge,
          aquarium_subvault_wall, aquarium_subvault_bridge,
          aquarium_subvault_window], aquarium_window_fake, aquarium_window_2,
          aquarium_window_fake, aquarium_window_fake, aquarium_view_2f,
          aquarium_view_2d, aquarium_pool_corner, roderic_serpentine_path,
          hex_large
D:5:      layout_loops_cross, minmay_temple_entry_fiery, gup_sewer_entry_pipe,
          uniq_sigmund
D:6:      layout_rooms, overflow_temple_1_default,
          nicolae_kikubaaqudgha_miasma_corner, kennysheep_donut
D:7:      layout_gridville, minitemple, mainiacjoe_overflow_paths, serial_shops,
          shop, kennysheep_generic_room_6
D:8:      layout_layer_cave, minmay_crystal_water, guppyfry_shop_venom
D:9:      layout_gridville, uniq_maurice, uniq_erolcha
D:10:     layout_cross, lair_entry_dummy, david_orc_1_choice, serial_shops,
          shop, nicolae_shop_statue_plus, shop, enter_bailey_2
Temple:   compressed_dpeg_triangle_lava_temple
Lair:1:   layout_gridlike, uniq_nergalle, uniq_sonja

Skill      XL: |  1  2  3  4  5  6  7  8  9 10 11 |
---------------+----------------------------------+-----
Conjurations   | 2 3 4 6 7 8 10 11 | 11.1
Spellcasting   | 4 5 6 8 9 10 | 10.6
Fire Magic     | 4 5 7 8 9 |  9.1
Armour         | 3 5 6 |  6.2
Poison Magic   | 1 5 |  5.8
Dodging        | 3 4 |  4.9
Stealth        | |  2.4

Action                   |  1- 3 |  4- 6 |  7- 9 | 10-12 || total
-------------------------+-------+-------+-------+-------++-------
Melee: War axe           |       |     5 |       |       ||     5
Throw: Dart              |       |       |       |     1 ||     1
 Cast: Foxfire           |   161 |    92 |   158 |    86 ||   497
       Scorch            |       |     1 |    38 |    33 ||    72
       Conjure Flame     |       |     1 |     3 |     2 ||     6
       Flame Wave        |       |       |     8 |     8 ||    16
       Olgreb's Toxic Ra |       |       |       |    23 ||    23
       Sticky Flame      |       |       |       |     4 ||     4
Evoke: Wand              |       |       |       |     2 ||     2
  Use: Scroll            |       |    12 |     1 |    13 ||    26
       Potion            |       |       |     1 |       ||     1
 Stab: Sleeping          |       |     1 |       |       ||     1
Armor: Robe              |     1 |     6 |    26 |    23 ||    56
Dodge: Dodged            |    10 |    27 |    79 |    62 ||   178
